 Dungeon Crawl Stone Soup version 0.17-a0-1115-g0372368 (webtiles) character file.

89 Hanyuu the Insei (level 4, 0/28 HPs)
             Began as an Octopode Transmuter on May 23, 2015.
             Slain by an orc
             ... wielding a +0 club
              (2 damage)
             ... on level 3 of the Dungeon.
             The game lasted 00:04:41 (1958 turns).

Hanyuu the Insei (Octopode Transmuter)              Turns: 1958, Time: 00:04:42

Health: 0/28       AC:  1    Str:  9    XL:     4   Next: 55%
Magic:  1/7        EV: 12    Int: 21    God:
Gold:   89         SH:  0    Dex: 15    Spells: 3 memorised, 1 level left

rFire  . . .     SeeInvis .       - Unarmed
rCold  . . .     Clarity  .     (no shield)
rNeg   . . .     SustAt   .     (helmet restricted)
rPois  .         Gourm    .     (no amulet)
rElec  .         Spirit   .     e - +3 ring of dexterity
rCorr  .         Warding  .     r - +5 ring of intelligence
rMut   .         Stasis   .     (no ring)
MR     .....                    (no ring)
Stlth  ++........               (no ring)
                                (no ring)
                                (no ring)
                                (no ring)

@: lethally poisoned (0 -> -16), very slightly contaminated, not resistant to
hostile enchantments, unstealthy
A: almost no armour, amphibious, 8 rings, constrict 8, camouflage 1, gelatinous
body 1
a: no special abilities


You were on level 3 of the Dungeon.
You were not hungry.

You visited 1 branch of the dungeon, and saw 3 of its levels.

You collected 89 gold pieces.

Inventory:

Hand weapons
 j - a +2 whip of venom
Missiles
 a - 35 arrows
 m - 4 javelins (quivered)
Jewellery
 e - a +3 ring of dexterity (left tentacle)
 r - a +5 ring of intelligence (right tentacle)
Scrolls
 d - 2 scrolls of blinking
 f - a scroll of remove curse {unknown}
 g - 2 scrolls of enchant weapon
 h - a scroll of enchant armour {unknown}
 k - a scroll of magic mapping {unknown}
 l - a scroll of noise {unknown}
 p - 2 scrolls of amnesia
 q - a scroll of fear
Potions
 s - a potion of lignification
Books
 b - a book of Changes

   Spells                             Type                      Level
   a - Beastly Appendage              Transmutation                1
   b - Sticks to Snakes               Transmutation                2
   c - Spider Form                    Transmutation/Poison         3
   d - Ice Form                       Ice/Transmutation            4
   e - Blade Hands                    Transmutation                5
Comestibles
 c - a bread ration
 i - a beef jerky
 n - 2 meat rations


   Skills:
 - Level 1.0 Fighting
 - Level 2.0 Dodging
 * Level 5.0 Unarmed Combat
 - Level 2.0 Spellcasting
 + Level 2.3 Transmutations


You had one spell level left.
You knew the following spells:

 Your Spells              Type           Power        Failure   Level  Hunger
a - Beastly Appendage     Trmt           ##....       8%          1    #......
b - Sticks to Snakes      Trmt           ##........   12%         2    ##.....
c - Spider Form           Trmt/Pois      #.........   30%         3    ###....


Dungeon Overview and Level Annotations

Branches:
Dungeon (3/15)

Altars:
Gozag
Sif Muna

Annotations:
D:3 exclusion: upstairs, Grinder


Innate Abilities, Weirdness & Mutations

You cannot wear most types of armour.
You are amphibious.
You can wear up to eight rings at the same time.
You can use your tentacles to constrict eight enemies at once.
Your skin changes colour to match your surroundings (Stealth).
Your rubbery body absorbs attacks (AC +1).


Message History

You feel sick. The adder bites you.
You are lethally poisoned!
The adder poisons you! Terence closely misses you.
You hit Terence.
Terence looks even sicker.
Terence is severely wounded.
You feel sick. The adder bites you but does no damage.
Terence closely misses you.
You hit Terence.
You kill Terence!
Your Unarmed Combat skill increases to level 5!
Your transformation has ended.
You feel sick. The adder bites you.
* * * LOW HITPOINT WARNING * * *
The adder bites you.
* * * LOW HITPOINT WARNING * * *
You tentacle-slap the adder. Your grab misses the adder.
The adder is heavily wounded.
* * * LOW HITPOINT WARNING * * *
You feel sick. The orc hits you with a club.
You die...

......
..S.......
#...#####
.####...##
##...#...##.
#..##
##<).$.......
#.#
#........$...
#.
#............
#.
#####........
#.S....$.
#@#...##@
#o#>.##
#o.#.###
#.).$..#
#.##.....#
#.# #.....
#.# #.##. #.#
.# #.# .


You could see an adder and 2 orcs.

Vanquished Creatures
  Terence (D:3)
  3 adders
  2 orcs (D:3)
  3 ball pythons
  A giant cockroach (D:1)
  6 goblins
  5 hobgoblins (D:1)
  2 jackals (D:1)
  5 kobolds
  A bat (D:1)
  3 giant newts
  2 rats (D:1)
34 creatures vanquished.

Notes
Turn   | Place    | Note
--------------------------------------------------------------
     0 | D:1      | Hanyuu the Octopode Transmuter began the quest for the Orb.
     0 | D:1      | Reached XP level 1. HP: 13/13 MP: 3/3
   299 | D:1      | Reached XP level 2. HP: 16/18 MP: 5/5
   312 | D:1      | Learned a level 2 spell: Sticks to Snakes
   691 | D:1      | Reached skill level 4 in Unarmed Combat
  1145 | D:1      | Reached XP level 3. HP: 19/23 MP: 6/6
  1150 | D:1      | Learned a level 3 spell: Spider Form
  1215 | D:2      | Found an opulent altar of Gozag.
  1280 | D:2      | Found a deep blue altar of Sif Muna.
  1888 | D:3      | Noticed Grinder
  1932 | D:3      | Noticed Terence
  1954 | D:3      | Reached XP level 4. HP: 18/28 MP: 1/7
  1957 | D:3      | Killed Terence
  1957 | D:3      | Reached skill level 5 in Unarmed Combat
  1958 | D:3      | Slain by an orc

Vault maps used:
D:1:      tarquinn_simple_flora_water_b
D:2:      grunt_gozag_breadcrumbs, lemuel_doored_altar
D:3:      wad_lake_hut, first_bread, nemelex_spade_bored_becter, uniq_sigmund,
          uniq_robin, uniq_terence, uniq_grinder

Action                   |  1- 3 |  4- 6 || total
-------------------------+-------+-------++-------
Melee: Unarmed           |    78 |     4 ||    82
Throw: Javelin           |     1 |       ||     1
 Cast: Beastly Appendage |     2 |       ||     2
       Spider Form       |     1 |       ||     1
  Use: Scroll            |     5 |       ||     5
       Potion            |     1 |       ||     1
 Stab: Sleeping          |     4 |       ||     4
       Distracted        |     1 |       ||     1
  Eat: Chunk             |     3 |       ||     3
